UAA
MARMORA SCRAMBLERS @ SUN PRAIRIE SWALLOWS
08/24/2017
 
TOP OF THE 1ST
Marmora Scramblers batting - Pitching for Sun Prairie Swallows : RHP Jim Johnstone
Pitching: RHP Jim Johnstone
Batting: LHB Markus Richardson 0-0: Called Strike
0-1: Foul Ball, location: 2F
0-2: Strikes out looking
Batting: RHB Jorge Quezada 0-0: Called Strike
0-1: Ball
1-1: Foul Ball, location: 2F
1-2: SINGLE (Line Drive, 34)
Batting: SHB Dave Orchard 0-0: Ball
1-0: Ball
2-0: Ball
3-0: Base on Balls
Jorge Quezada to second
Batting: LHB Randy Daugherty 0-0: Ball
1-0: Ball
2-0: Ball
3-0: Called Strike
3-1: Called Strike
3-2: Foul Ball, location: 2F
3-2: Fielders Choice at 2nd, 5-4 (Groundball, 56)
Jorge Quezada to third
Batting: LHB Steve Riggs 0-0: Ball
1-0: Ball
Randy Daugherty steals 2nd base
2-0: Swinging Strike
2-1: Ball
3-1: Swinging Strike
3-2: Foul Ball, location: 2F
3-2: Strikes out swinging
Top of the 1st over - 0 run(s), 1 hit(s), 0 error(s), 2 left on base; Marmora 0 - Sun Prairie 0
BOTTOM OF THE 1ST
Sun Prairie Swallows batting - Pitching for Marmora Scramblers : RHP Chris Hopkins
Pitching: RHP Chris Hopkins
Batting: RHB David Morales 0-0: Called Strike
0-1: Ball
1-1: SINGLE (Groundball, 56)
Batting: RHB Jeremy Christensen 0-0: Ball
1-0: Ball
2-0: Ground out 4-3 (Groundball, 13)
David Morales to second
Batting: LHB Albert Morán 0-0: Ball
1-0: Fly out, F5 (Popup, 13S)
Batting: LHB Héctor Cortéz 0-0: Ball
1-0: Swinging Strike
1-1: Foul Ball, location: 2F
1-2: Ball
2-2: Ball
3-2: SINGLE (Flyball, 6MD)
David Morales to third
David Morales scores
Batting: LHB John Brewer 0-0: Called Strike
Héctor Cortéz steals 2nd base
0-1: Fly out, F6 (Popup, 4M)
Bottom of the 1st over - 1 run(s), 2 hit(s), 0 error(s), 1 left on base; Marmora 0 - Sun Prairie 1
TOP OF THE 2ND
Marmora Scramblers batting - Pitching for Sun Prairie Swallows : RHP Jim Johnstone
Batting: RHB Chris Teague 0-0: Ball
1-0: Called Strike
1-1: Called Strike
1-2: Ball
2-2: Ball
3-2: Strikes out swinging
Batting: RHB Andrew Weeks 0-0: Ball
1-0: Ball
2-0: Ball
3-0: Called Strike
3-1: Foul Ball, location: 2F
3-2: Foul Ball, location: 2F
3-2: Strikes out swinging
Batting: RHB Josh Stafford 0-0: Ball
1-0: Foul Ball, location: 2F
1-1: Foul Ball, location: 2F
1-2: Foul Ball, location: 2F
1-2: Ball
2-2: DOUBLE (Line Drive, 7M)
Batting: RHB Larry Bryant 0-0: SINGLE (Groundball, 6MD)
Josh Stafford to third
Runner from 3rd tries for Home, throw and OUT!
Top of the 2nd over - 0 run(s), 2 hit(s), 0 error(s), 1 left on base; Marmora 0 - Sun Prairie 1
BOTTOM OF THE 2ND
Sun Prairie Swallows batting - Pitching for Marmora Scramblers : RHP Chris Hopkins
Batting: RHB Hubert Dodson 0-0: Foul Ball, location: 2F
0-1: Ball
1-1: Foul Ball, location: 2F
1-2: Ball
2-2: Ball
3-2: Hit by Pitch
Batting: LHB Kent Roberts 0-0: Called Strike
0-1: Foul Ball, location: 2F
0-2: Ball
1-2: Foul Ball, location: 2F
1-2: Fielders Choice at 2nd, U4 (Groundball, 4)
Batting: RHB Jon Erickson 0-0: Called Strike
Kent Roberts steals 2nd base
0-1: Ground out 5-3 (Groundball, 15S)
Kent Roberts to third
Batting: LHB José Marín 0-0: Ball
1-0: Foul Ball, location: 2F
1-1: Fly out, F7 (Popup, 56D)
Bottom of the 2nd over - 0 run(s), 0 hit(s), 0 error(s), 1 left on base; Marmora 0 - Sun Prairie 1
TOP OF THE 3RD
Marmora Scramblers batting - Pitching for Sun Prairie Swallows : RHP Jim Johnstone
Batting: LHB Markus Richardson 0-0: Swinging Strike
0-1: Called Strike
0-2: Fly out, F8 (Flyball, 8LM)
Batting: RHB Jorge Quezada 0-0: Ground out 4-3 (Groundball, 4)
Batting: SHB Dave Orchard 0-0: Ball
1-0: Ball
2-0: Ball
3-0: Called Strike
3-1: Base on Balls
Batting: LHB Randy Daugherty 0-0: Called Strike
0-1: Swinging Strike
0-2: Strikes out swinging
Top of the 3rd over - 0 run(s), 0 hit(s), 0 error(s), 1 left on base; Marmora 0 - Sun Prairie 1
BOTTOM OF THE 3RD
Sun Prairie Swallows batting - Pitching for Marmora Scramblers : RHP Chris Hopkins
Batting: RHB David Morales 0-0: Foul Ball, location: 2F
0-1: Ball
1-1: DOUBLE (Flyball, 8RM)
Batting: RHB Jeremy Christensen 0-0: Ball
David Morales is caught stealing 3rd base
1-0: Called Strike
1-1: Swinging Strike
1-2: Fly out, F8 (Flyball, 8RS)
Batting: LHB Albert Morán 0-0: Fly out, F2 (Popup, 25F)
Bottom of the 3rd over - 0 run(s), 1 hit(s), 0 error(s), 0 left on base; Marmora 0 - Sun Prairie 1
TOP OF THE 4TH
Marmora Scramblers batting - Pitching for Sun Prairie Swallows : RHP Jim Johnstone
Batting: LHB Steve Riggs 0-0: Swinging Strike
0-1: Ground out 3-1 (Groundball, 34)
Batting: RHB Chris Teague 0-0: Called Strike
0-1: Called Strike
0-2: Strikes out swinging
Batting: RHB Andrew Weeks 0-0: SINGLE (Line Drive, 4M)
Batting: RHB Josh Stafford 0-0: Ball
Andrew Weeks is caught stealing 2nd base
Top of the 4th over - 0 run(s), 1 hit(s), 0 error(s), 0 left on base; Marmora 0 - Sun Prairie 1
BOTTOM OF THE 4TH
Sun Prairie Swallows batting - Pitching for Marmora Scramblers : RHP Chris Hopkins
Batting: LHB Héctor Cortéz 0-0: Called Strike
0-1: Fly out, F8 (Line Drive, 8RM)
Batting: LHB John Brewer 0-0: Called Strike
0-1: Ball
1-1: Reached on error, E6 (Groundball, 6M)
Batting: RHB Hubert Dodson 0-0: Ball
1-0: Called Strike
1-1: SINGLE (Groundball, 34)
John Brewer to third
Batting: LHB Kent Roberts 0-0: Ball
1-0: SINGLE (Flyball, 4MD)
John Brewer scores
Hubert Dodson to second
Runner from 2nd tries for 3rd, SAFE, no throw or cutoff
Batting: RHB Jon Erickson 0-0: Ball
1-0: Ball
2-0: Ball
3-0: Base on Balls
Kent Roberts to second
Pitching: RHP Michael Adams
Batting: LHB José Marín 0-0: Called Strike
0-1: Ball
1-1: Ball
2-1: Ball
3-1: Base on Balls
Hubert Dodson scores
Kent Roberts to third
Jon Erickson to second
Batting: RHB David Morales 0-0: Called Strike
0-1: Foul Ball, location: 2F
0-2: Ball
1-2: Strikes out swinging
Batting: RHB Jeremy Christensen 0-0: Foul Ball, location: 2F
0-1: Called Strike
0-2: Ball
1-2: Fly out, F8 (Flyball, 89M)
Bottom of the 4th over - 2 run(s), 2 hit(s), 1 error(s), 3 left on base; Marmora 0 - Sun Prairie 3
TOP OF THE 5TH
Marmora Scramblers batting - Pitching for Sun Prairie Swallows : RHP Jim Johnstone
Batting: RHB Josh Stafford 0-0: Ball
1-0: Ball
2-0: Called Strike
2-1: Called Strike
2-2: Ball
3-2: Foul Ball, location: 2F
3-2: Foul Ball, location: 2F
3-2: Base on Balls
Batting: RHB Larry Bryant 0-0: Swinging Strike
0-1: Ball
1-1: Ball
2-1: Swinging Strike
2-2: SINGLE (Line Drive, 7S)
Josh Stafford to second
Batting: LHB Markus Richardson 0-0: Ball
1-0: Foul Ball, location: 2F
1-1: Called Strike
1-2: Strikes out looking
Batting: RHB Jorge Quezada 0-0: Fly out, F8 (Flyball, 8RM)
Batting: SHB Dave Orchard 0-0: Foul Ball, location: 2F
0-1: Ball
1-1: Ball
2-1: SINGLE (Groundball, 56D)
Josh Stafford to third
Larry Bryant to second
Runner from 3rd tries for Home, SAFE, throw made at trailing runner, SAFE at third!
Batting: LHB Randy Daugherty 0-0: Called Strike
0-1: Swinging Strike
0-2: Ball
1-2: Strikes out swinging
Top of the 5th over - 1 run(s), 2 hit(s), 0 error(s), 2 left on base; Marmora 1 - Sun Prairie 3
BOTTOM OF THE 5TH
Sun Prairie Swallows batting - Pitching for Marmora Scramblers : RHP Michael Adams
Batting: LHB Albert Morán 0-0: Ball
1-0: Called Strike
1-1: Ball
2-1: Ball
3-1: Called Strike
3-2: Strikes out looking
Batting: LHB Héctor Cortéz 0-0: Fly out, F7 (Flyball, 78M)
Batting: LHB John Brewer 0-0: Ball
1-0: DOUBLE (Line Drive, 6D)
Batting: RHB Hubert Dodson 0-0: SINGLE (Line Drive, 89S)
John Brewer to third
Batting: LHB Kent Roberts 0-0: Ball
1-0: Ball
2-0: Foul Ball, location: 2F
2-1: Fly out, F9 (Flyball, 9S)
Bottom of the 5th over - 0 run(s), 2 hit(s), 0 error(s), 2 left on base; Marmora 1 - Sun Prairie 3
TOP OF THE 6TH
Marmora Scramblers batting - Pitching for Sun Prairie Swallows : RHP Jim Johnstone
Batting: LHB Steve Riggs 0-0: Ball
1-0: Called Strike
1-1: Ball
2-1: Foul Ball, location: 2F
2-2: Ball
3-2: Ground out 3-1 (Groundball, 34)
Batting: RHB Chris Teague 0-0: Ball
1-0: SINGLE (Line Drive, 8LS)
Batting: RHB Andrew Weeks 0-0: Ball
1-0: Called Strike
1-1: SINGLE (Line Drive, 78S)
Chris Teague to second
Batting: RHB Josh Stafford 0-0: Called Strike
0-1: Swinging Strike
0-2: Ball
1-2: Foul Ball, location: 2F
1-2: Strikes out swinging
Pitching: RHP Júlio Villegas
Batting: RHB Larry Bryant 0-0: Ball
1-0: Ground out 1-3 (Groundball, 25)
Top of the 6th over - 0 run(s), 2 hit(s), 0 error(s), 2 left on base; Marmora 1 - Sun Prairie 3
BOTTOM OF THE 6TH
Sun Prairie Swallows batting - Pitching for Marmora Scramblers : RHP Michael Adams
Batting: RHB Jon Erickson 0-0: Ball
1-0: Ball
2-0: Ball
3-0: Base on Balls
Batting: LHB José Marín 0-0: SINGLE (Line Drive, 7S)
Jon Erickson to second
Batting: RHB David Morales 0-0: Ball
1-0: Swinging Strike
1-1: Ball
2-1: Fly out, F7 (Line Drive, 7M)
Batting: RHB Jeremy Christensen 0-0: Called Strike
0-1: Called Strike
0-2: Grounds into double play, 5-4-3 (Groundball, 5)
Bottom of the 6th over - 0 run(s), 1 hit(s), 0 error(s), 1 left on base; Marmora 1 - Sun Prairie 3
TOP OF THE 7TH
Marmora Scramblers batting - Pitching for Sun Prairie Swallows : RHP Júlio Villegas
Batting: LHB Markus Richardson 0-0: Ball
1-0: Swinging Strike
1-1: Ball
2-1: Called Strike
2-2: Ball
3-2: Strikes out looking
Batting: RHB Jorge Quezada 0-0: Ball
1-0: Called Strike
1-1: Ball
2-1: Ball
3-1: Foul Ball, location: 2F
3-2: Ground out 6-3 (Groundball, 6M)
Batting: SHB Dave Orchard 0-0: Ball
1-0: Ball
2-0: Ground out 6-3 (Groundball, 6M)
Top of the 7th over - 0 run(s), 0 hit(s), 0 error(s), 0 left on base; Marmora 1 - Sun Prairie 3
BOTTOM OF THE 7TH
Sun Prairie Swallows batting - Pitching for Marmora Scramblers : RHP Michael Adams
Pitching: LHP Aaron Farr
Batting: LHB Albert Morán 0-0: Foul Ball, location: 2F
0-1: Ball
1-1: SINGLE (Flyball, 89S)
Pitching: LHP Martin García
Batting: LHB Héctor Cortéz 0-0: Called Strike
0-1: Fly out, F8 (Flyball, 8LM)
Pitching: RHP Charles Logan
Batting: LHB John Brewer 0-0: Ball
1-0: Called Strike
1-1: Ball
2-1: Ball
3-1: Called Strike
3-2: 2-RUN HOME RUN (Flyball, 9D), Distance : 403 ft
Batting: RHB Hubert Dodson 0-0: Ball
1-0: Called Strike
1-1: Swinging Strike
1-2: Strikes out swinging
Batting: LHB Kent Roberts 0-0: Called Strike
0-1: Swinging Strike
0-2: Ball
1-2: SINGLE (Groundball, 34D)
Batting: RHB Jon Erickson 0-0: Ball
1-0: Ball
2-0: Ball
3-0: Called Strike
3-1: Foul Ball, location: 2F
3-2: Base on Balls
Kent Roberts to second
Batting: LHB José Marín 0-0: Fly out, F9 (Flyball, 89M)
Bottom of the 7th over - 2 run(s), 3 hit(s), 0 error(s), 2 left on base; Marmora 1 - Sun Prairie 5
TOP OF THE 8TH
Marmora Scramblers batting - Pitching for Sun Prairie Swallows : RHP Júlio Villegas
Batting: LHB Randy Daugherty 0-0: SINGLE (Groundball, 4MD)
Batting: LHB Steve Riggs 0-0: Ball
1-0: Ball
2-0: Ball
3-0: Base on Balls
Randy Daugherty to second
Batting: RHB Chris Teague 0-0: Ball
1-0: Foul Ball, location: 2F
1-1: Grounds into double play, U6-3 (Groundball, 6)
Randy Daugherty to third
Batting: RHB Andrew Weeks 0-0: Ball
1-0: Ball
2-0: Ball
3-0: Base on Balls
Batting: RHB Josh Stafford 0-0: Called Strike
0-1: Called Strike
0-2: Strikes out swinging
Top of the 8th over - 0 run(s), 1 hit(s), 0 error(s), 2 left on base; Marmora 1 - Sun Prairie 5
BOTTOM OF THE 8TH
Sun Prairie Swallows batting - Pitching for Marmora Scramblers : RHP Charles Logan
Batting: RHB David Morales 0-0: Ball
1-0: Ball
2-0: Ball
3-0: Base on Balls
Batting: RHB Jeremy Christensen 0-0: Ball
1-0: Called Strike
1-1: Foul Ball, location: 2F
1-2: Ball
2-2: Strikes out looking
Batting: LHB Albert Morán 0-0: Ball
1-0: Called Strike
1-1: Foul Ball, location: 2F
1-2: Ball
2-2: Ground out 4-3 (Groundball, 4M)
David Morales to second
Batting: LHB Héctor Cortéz 0-0: Fly out, F6 (Popup, 56D)
Bottom of the 8th over - 0 run(s), 0 hit(s), 0 error(s), 1 left on base; Marmora 1 - Sun Prairie 5
TOP OF THE 9TH
Marmora Scramblers batting - Pitching for Sun Prairie Swallows : RHP Júlio Villegas
Batting: RHB Larry Bryant 0-0: Foul Ball, location: 2F
0-1: Ball
1-1: Ball
2-1: Foul Ball, location: 2F
2-2: Strikes out looking
Batting: LHB Markus Richardson 0-0: Ball
1-0: Called Strike
1-1: Ball
2-1: Ball
3-1: Base on Balls
Batting: RHB Jorge Quezada 0-0: Foul Ball, location: 2F
0-1: Ball
1-1: Swinging Strike
1-2: Fly out, F8 (Line Drive, 8RS)
Pitching: RHP Lewis Miller
Batting: SHB Dave Orchard 0-0: Called Strike
0-1: Foul Ball, location: 2F
0-2: Ball
1-2: DOUBLE (Flyball, 8RM)
Markus Richardson to third
Runner from 3rd tries for Home, throw and OUT!
Top of the 9th over - 0 run(s), 1 hit(s), 0 error(s), 1 left on base; Marmora 1 - Sun Prairie 5
This league is powered by Out of the Park Baseball, the baseball management simulation game for PC, Mac and Linux
Saturday, February 27th, 2021 - OOTP Baseball 15.6 Build 34